 Dungeon Crawl Stone Soup version 0.31-a0-963-ga325b2283a (webtiles) character file.

Game seed: 16737930125844804618

105 lessens the Ducker (level 4, -1/57 HPs)
             Began as a Gnoll Gladiator on Oct 24, 2023.
             Was an Initiate of Nemelex Xobeh.
             Slain by a goblin
             ... wielding a +0 club
              (3 damage)
             ... on level 3 of the Dungeon.
             The game lasted 00:02:47 (2230 turns).

lessens the Ducker (Gnoll Gladiator)                Turns: 2230, Time: 00:02:48

Health: -1/57      AC:  4    Str: 13 (16) XL:     4   Next: 83%
Magic:  5/5        EV: 13    Int:  4 (7)  God:    Nemelex Xobeh [......]
Gold:   106        SH:  0    Dex: 11 (13) Spells: 5/5 levels left

rFire   + + .        o - +1 trident (heavy)
rCold   . . .        (no shield)
rNeg    . . .        n - +0 leather armour of Least Resistance {rElec rF++}
rPois   .            c - +0 helmet
rElec   +            (no cloak)
rCorr   .            (no gloves)
SInv    .            (no boots)
Will    +....        (no amulet) Stlth
                     (no ring)
HPRegen 0.29/turn    (no ring)
MPRegen 0.09/turn

%: no passive effects
@: berserking, enlightened, flying, very quick
A: fangs 1, strong nose, distributed training
a: Renounce Religion, Draw Escape, Draw Destruction, Draw Summoning


You were on level 3 of the Dungeon.
You worshipped Nemelex Xobeh.
Nemelex Xobeh was noncommittal.
You visited 1 branch of the dungeon, and saw 3 of its levels.

You collected 106 gold pieces.

Inventory:

Hand Weapons
 a - a +0 war axe
 o - a +1 heavy trident (weapon)
Missiles
 d - 3 throwing nets (quivered)
 e - 3 javelins
 f - 30 stones
Armour
 b - a +0 leather armour
 c - a +0 helmet (worn)
 n - the +0 leather armour of Least Resistance (worn) {rElec rF++}
   (You found it on level 2 of the Dungeon)

   rF++:      It greatly protects you from fire.
   rElec:     It insulates you from electricity.
Scrolls
 g - a scroll of vulnerability {unknown}
 i - 3 scrolls of identify {unknown}
 k - a scroll of torment {unknown}
 l - a scroll of enchant armour {unknown}
Potions
 h - a potion of enlightenment
 p - a potion of mutation {unknown}


   Skills:
 + Level 4.7 Fighting
 + Level 1.2 Short Blades
 + Level 1.2 Long Blades
 + Level 6.6 Axes
 + Level 1.2 Maces & Flails
 + Level 1.2 Polearms
 + Level 1.2 Staves
 + Level 1.2 Ranged Weapons
 + Level 4.7 Throwing
 + Level 1.2 Armour
 + Level 6.6 Dodging
 + Level 1.2 Stealth
 + Level 1.2 Shields
 + Level 1.2 Unarmed Combat
 + Level 1.2 Spellcasting
 + Level 1.0 Conjurations
 + Level 1.0 Hexes
 + Level 1.0 Summonings
 + Level 1.0 Necromancy
 + Level 1.0 Translocations
 + Level 1.0 Transmutations
 + Level 1.0 Fire Magic
 + Level 1.0 Ice Magic
 + Level 1.0 Air Magic
 + Level 1.0 Earth Magic
 + Level 1.0 Poison Magic
 + Level 1.4 Invocations
 + Level 1.2 Evocations
 + Level 1.1 Shapeshifting


You had 5 spell levels left.
You didn't know any spells.
Your spell library contained the following spells:

 Spells                   Type           Power      Damage    Failure   Level
 Ozocubu's Armour         Ice            1%         N/A       77%         3
 Ozocubu's Refrigeration  Ice            0%         4d7       100%        7


Dungeon Overview and Level Annotations

Branches:
Dungeon (3/15) Zot: 15738

Altars:
Hepliaklqana
Kikubaaqudgha
Nemelex Xobeh
Sif Muna
Wu Jian
Xom


Innate Abilities, Weirdness & Mutations

You have very sharp teeth.
Your uncanny sense of smell can sniff out nearby items.
Your experience applies equally to all skills.


Message History

The ufetubus slips past you!
The ufetubus hits you but does no damage.
The ufetubus hits you.
* * * LOW HITPOINT WARNING * * *
The ufetubus hits you but does no damage.
The ufetubus closely misses you. The ufetubus barely misses you.
The ufetubus hits you.
* * * LOW HITPOINT WARNING * * *
The ufetubus attacks as it pursues you! The ufetubus barely misses you.
The ufetubus hits you.
* * * LOW HITPOINT WARNING * * *
The ufetubus hits you.
* * * LOW HITPOINT WARNING * * *
The ufetubus barely misses you. The ufetubus slips past you!
The ufetubus hits you but does no damage.
The ufetubus barely misses you. The ufetubus closely misses you.
The ufetubus barely misses you. The ufetubus hits you.
* * * LOW HITPOINT WARNING * * *
The ufetubus barely misses you.
You puncture the ufetubus!
You kill the ufetubus!
The ufetubus slips past you!
The ufetubus hits you but does no damage.
The ufetubus misses you. The ufetubus completely misses you.
The ufetubus hits you.
* * * LOW HITPOINT WARNING * * *
It was a potion of degeneration.
There was something very wrong with that liquid.
You feel weakened.
You feel dopey.
You feel clumsy. The ufetubus closely misses you. The ufetubus hits you.
* * * LOW HITPOINT WARNING * * *
The ufetubus barely misses you. x2
It was a potion of berserk rage.
A red film seems to cover your vision as you go berserk!
You feel yourself moving faster!
You feel mighty! The goblin hits you with a +0 club.
You die...
Your body disappears without a glow.

#.. #....# #..
##.#.?#
#..####....##
#.........#
##...#...######
###..............
##...#.....#......
#5.....#...#......
#@#g####)..###....
#g#.## #.......##.
#....# #†......##.
###...##....##.##.
###.##.#...#..#.
#..#.....##.##
#..#.##......
#.............
#..#..##......


You could see an ufetubus and a goblin.

Vanquished Creatures
  An iguana (D:3)
  An adder (D:2)
  An ufetubus (D:3)
  A dart slug (D:1)
  An orc (D:3)
  6 endoplasms
  2 giant cockroaches (D:1)
  5 goblins
  5 hobgoblins
  7 jackals
  A quokka (D:2)
  6 ball pythons
  4 bats
  4 frilled lizards
  9 kobolds
  3 rats
57 creatures vanquished.

Notes
Turn   | Place    | Note
-------+----------+-------------------------------------------
     0 | D:1      | lessens the Gnoll Gladiator began the quest for the Orb.
     0 | D:1      | Reached XP level 1. HP: 20/20 MP: 1/1
    48 | D:1      | Reached XP level 2. HP: 8/26 MP: 2/2
   529 | D:1      | Reached XP level 3. HP: 30/31 MP: 3/3
   914 | D:2      | Reached skill level 1 in Invocations
  1057 | D:2      | Reached skill level 1 in Short Blades
  1057 | D:2      | Reached skill level 1 in Long Blades
  1057 | D:2      | Reached skill level 1 in Maces & Flails
  1057 | D:2      | Reached skill level 1 in Polearms
  1057 | D:2      | Reached skill level 1 in Staves
  1057 | D:2      | Reached skill level 1 in Ranged Weapons
  1057 | D:2      | Reached skill level 1 in Armour
  1057 | D:2      | Reached skill level 1 in Stealth
  1057 | D:2      | Reached skill level 1 in Shields
  1057 | D:2      | Reached skill level 1 in Unarmed Combat
  1057 | D:2      | Reached skill level 1 in Spellcasting
  1057 | D:2      | Reached skill level 1 in Evocations
  1284 | D:2      | Identified the +0 leather armour of Least Resistance {rElec
                  | rF++}
  1442 | D:2      | Reached XP level 4. HP: 38/38 MP: 5/5
  1575 | D:2      | Reached skill level 1 in Shapeshifting
  1598 | D:2      | Found a faded altar of an unknown god.
  1965 | D:3      | Reached skill level 1 in Conjurations
  1965 | D:3      | Reached skill level 1 in Hexes
  1965 | D:3      | Reached skill level 1 in Summonings
  1965 | D:3      | Reached skill level 1 in Necromancy
  1965 | D:3      | Reached skill level 1 in Translocations
  1965 | D:3      | Reached skill level 1 in Transmutations
  1965 | D:3      | Reached skill level 1 in Fire Magic
  1965 | D:3      | Reached skill level 1 in Ice Magic
  1965 | D:3      | Reached skill level 1 in Air Magic
  1965 | D:3      | Reached skill level 1 in Earth Magic
  1965 | D:3      | Reached skill level 1 in Poison Magic
  2133 | D:3      | Found an ancient bone altar of Kikubaaqudgha.
  2133 | D:3      | Found a sparkling altar of Nemelex Xobeh.
  2133 | D:3      | Found a hazy altar of Hepliaklqana.
  2133 | D:3      | Found an ornate altar of the Wu Jian Council.
  2134 | D:3      | Found a shimmering altar of Xom.
  2138 | D:3      | Found a shimmering blue altar of Sif Muna.
  2141 | D:3      | Became a worshipper of Nemelex Xobeh the Trickster
  2229 | D:3      | HP: 1/38 [ufetubus (2)]
  2230 | D:3      | Slain by a goblin

Illustrated notes

Levels and vault maps discovered:
D:1:      wander_arrival_peaceful_grave, layout_basic, nrook_loot_triangle,
          chequers_serial_rivers_room_b
D:2:      layout_basic, shapermc_ecumenical_altar_mp_vishouse
D:3:      layout_rooms, minitemple

Skill      XL: |  1  2  3  4 |
---------------+-------------+-----
Invocations    | 1 |  1.4
Short Blades   | 1 |  1.2
Long Blades    | 1 |  1.2
Maces & Flails | 1 |  1.2
Polearms       | 1 |  1.2
Staves         | 1 |  1.2
Ranged Weapons | 1 |  1.2
Armour         | 1 |  1.2
Stealth        | 1 |  1.2
Shields        | 1 |  1.2
Unarmed Combat | 1 |  1.2
Spellcasting   | 1 |  1.2
Evocations     | 1 |  1.2
Shapeshifting  | 1 |  1.1
Conjurations   | 1 |  1.0
Hexes          | 1 |  1.0
Summonings     | 1 |  1.0
Necromancy     | 1 |  1.0
Translocations | 1 |  1.0
Transmutations | 1 |  1.0
Fire Magic     | 1 |  1.0
Ice Magic      | 1 |  1.0
Air Magic      | 1 |  1.0
Earth Magic    | 1 |  1.0
Poison Magic   | 1 |  1.0
Fighting       | |  4.7
Axes           | |  6.6
Throwing       | |  4.7
Dodging        | |  6.6

Action                     |  1- 3 |  4- 6 || total
---------------------------+-------+-------++-------
  Melee: War axe           |    95 |    21 ||   116
         Bite              |     6 |     2 ||     8
         Punch             |     1 |       ||     1
         Trident           |       |    13 ||    13
    Use: Potion            |       |     3 ||     3
   Stab: Sleeping          |     3 |     1 ||     4
 Armour: Leather armour    |    48 |    57 ||   105
  Dodge: Dodged            |    83 |    66 ||   149

Table legend: (Time is in decaauts)
 A = Elapsed time spent in this place.
 B = Non-inter-level travel time spent in this place.
 C = Inter-level travel time spent in this place.
 D = Time resting spent in this place.
 E = Time spent auto-exploring this place.
 F = Levels seen in this place.
 G = Mean time per level.
                   A        B        C        D        E       F      G
               +--------+--------+--------+--------+--------+-----+--------+
         Total |   2260 |   2132 |    128 |     90 |   1593 |   3 |  753.3 |
       Dungeon |   2260 |   2132 |    128 |     90 |   1593 |   3 |  753.3 |
               +--------+--------+--------+--------+--------+-----+--------+

Top non-repeatable levels by time:
     D:2: 1195 daAuts
     D:1: 779 daAuts
     D:3: 284 daAuts

Levels and vault maps discovered:
D:1:      wander_arrival_peaceful_grave, layout_basic, nrook_loot_triangle,
          chequers_serial_rivers_room_b
D:2:      layout_basic, shapermc_ecumenical_altar_mp_vishouse
D:3:      layout_rooms, minitemple
